 Dungeon Crawl Stone Soup version 0.28-a0-863-g8cecda6153 (webtiles) character file.

Game seed: 3621050517345391791

819 bande the Covered (level 7, 0/44 HPs)
             Began as a Gargoyle Fighter on Nov 17, 2021.
             Was a Follower of Okawaru.
             Slain by a wyvern (1 damage)
             ... on level 5 of the Dungeon.
             The game lasted 00:07:55 (5743 turns).

bande the Covered (Gargoyle Fighter)                Turns: 5743, Time: 00:07:56

Health: 0/44       AC: 12    Str: 20    XL:     7   Next: 95%
Magic:  8/8        EV:  9    Int:  9    God:    Okawaru [*.....]
Gold:   312        SH:  4    Dex: 10    Spells: 6/6 levels left

rFire   . . .      SeeInvis .   a - +1 war axe
rCold   . . .      Faith    .   c - +0 buckler
rNeg    + . .      Spirit   .   b - +0 scale mail
rPois   ∞          Reflect  .   (no helmet)
rElec   +          Harm     .   (no cloak)
rCorr   .          Rampage  .   (no gloves)
Will    .....                   (no boots)
Stlth   ..........              (no amulet)
HPRegen 0.14/turn               (no ring)
MPRegen 0.11/turn               (no ring)

@: no status effects
A: sickness immunity, AC +4, negative energy resistance 1, electricity
resistance, torment resistance 1, petrification resistance
a: Renounce Religion, Heroism


You were on level 5 of the Dungeon.
You worshipped Okawaru.
Okawaru was aware of your devotion.
You visited 2 branches of the dungeon, and saw 6 of its levels.

You collected 312 gold pieces.

Inventory:

Hand Weapons
 a - a +1 war axe (weapon)
Armour
 b - a +0 scale mail (worn)
 c - a +0 buckler (worn)
Jewellery
 l - a ring of magical power
Wands
 q - a wand of flame (34)
Scrolls
 k - 3 scrolls of teleportation
 m - a scroll of fog
 n - a scroll of amnesia {unknown}
 t - a scroll of magic mapping
Potions
 d - 2 potions of might
 e - a potion of lignification {unknown}
 f - 2 potions of flight
 g - a potion of resistance
 i - a potion of ambrosia {unknown}
 j - a potion of attraction {unknown}
 o - a potion of heal wounds {unknown}
 p - 3 potions of degeneration {unknown}
 r - 2 potions of magic {unknown}
 s - 2 potions of brilliance {unknown}


   Skills:
 + Level 4.6 Fighting
 + Level 4.9(5.0) Axes
 - Level 0.6(3.4) Maces & Flails
 - Level 1.0(3.2) Polearms
 + Level 5.1 Armour
 - Level 0.5 Dodging
 + Level 4.1 Shields
 * Level 2.6 Invocations
 * Level 2.2 Evocations


You had 6 spell levels left.
You didn't know any spells.
Your spell library contained the following spells:

 Spells                   Type           Power      Damage    Failure   Level
 Slow                     Hex            0%         N/A       73%         1
 Ensorcelled Hibernation  Hex/Ice        0%         N/A       86%         2
 Confusing Touch          Hex            0%         N/A       97%         3
 Spider Form              Tmut/Pois      0%         N/A       97%         3
 Vampiric Draining        Necr           0%         2d6       97%         3
 Passage of Golubria      Tloc           0%         N/A       100%        4
 Fireball                 Conj/Fire      0%         3d3       100%        5
 Iskenderun's Battlesphe  Conj           0%         2d6       100%        5
 Yara's Violent Unravell  Hex/Tmut       0%         3d3       100%        5
 Conjure Ball Lightning   Conj/Air       0%         3x3d6     100%        6
 Orb of Destruction       Conj           0%         N/A       100%        7
 Tukima's Dance           Hex            Unusable   N/A       N/A         3

Dungeon Overview and Level Annotations

Branches:
Dungeon (5/15)             Temple (1/1) D:4

Altars:
Ashenzari
Cheibriados
Dithmenos
Elyvilon
Fedhas
Gozag
Hepliaklqana
Kikubaaqudgha
Nemelex Xobeh
Okawaru
Qazlal
Ru
Sif Muna
Trog
Uskayaw
Vehumet
Wu Jian
Xom
Yredelemnul
Zin
The Shining One

Shops:
D:1 *[

Annotations:
D:5 1 runed translucent door, Dvallin's ghost, weakling NaDe


Innate Abilities, Weirdness & Mutations

You are immune to sickness and miasma.
Your stone body is resilient. (AC +4)
You are immune to poison.
You resist negative energy. (rN+)
You are resistant to electric shocks. (rElec)
You are resistant to unholy torment.
You are immune to petrification.


Message History

The gnoll closely misses you.
The wyvern bites you but does no damage.
You block the gnoll's attack.
You hit the gnoll but do no damage.
The gnoll is severely wounded.
You hit the gnoll. You barely miss the wyvern. The wyvern bites you.
The gnoll hits you but does no damage. The wyvern bites you.
The gnoll closely misses you. The gnoll barely misses you.
You barely miss the gnoll.
The gnoll is severely wounded.
You slash the gnoll!
You kill the gnoll!
Okawaru accepts your kill.
You hit the wyvern. You block the wyvern's attack.
The gnoll hits you but does no damage. The wyvern misses you.
The wyvern bites you. The gnoll closely misses you.
Things that are here:
a +0 club; a gnoll corpse Unknown command.
You closely miss the wyvern.
The wyvern is lightly wounded.
You hit the gnoll. The wyvern bites you. You block the gnoll's attack.
The wyvern bites you but does no damage.
You hit the wyvern.
The wyvern is lightly wounded.
You hit the gnoll but do no damage. The wyvern bites you.
You block the gnoll's attack. The wyvern bites you!
* * * LOW HITPOINT WARNING * * *
Unknown command.
You slash the wyvern!
The wyvern is severely wounded.
You barely miss the gnoll. The wyvern closely misses you.
The gnoll barely misses you.
The wyvern bites you but does no damage.
The gnoll hits you with a +0 halberd.
* * * LOW HITPOINT WARNING * * *
The wyvern closely misses you. The gnoll barely misses you.
It was a potion of cancellation.
You feel magically purged. The wyvern bites you.
You die...

...# #..##...####+##......
...##### ##..#.....# #..<...
.......# #...#.....# #[.....
.......# #...#.....# +......
.......# #...+.....# #......
.......######..##$..# #......
...####.....#..##g..## #......
...#..#.....#....)...# +....##
...#..#.....'...@l...+ #....#
+###'##.....#'########
..##..##....#..##........
...#...#....#...#........ ..
####...#....#...#....... .....
..##...#....#####...... .....
..##...#.............#+####....##
..##...#####.........#....#......
...#.......#.........#....#......


You could see a wyvern and a gnoll.

Vanquished Creatures
  Eustachio (D:4)
  A necrophage (D:4)
  A bullfrog (D:4)
  A wyvern zombie (D:5)
  A wyvern skeleton (D:5)
  A water moccasin skeleton (D:4)
  2 jellies (D:5)
  An orc priest (D:5)
  A hound (D:5)
  Ijyb (D:3)
  Jessica (D:3)
  An orc wizard (D:4)
  6 gnolls (D:5)
  A shadow imp (D:5)
  An adder skeleton (D:5)
  3 worms (D:3)
  4 dart slugs
  15 orcs
  3 ball pythons
  5 endoplasms
  9 giant cockroaches
  6 goblins
  3 hobgoblins
  3 jackals (D:3)
  4 quokkas
  7 bats
  4 kobolds
  5 rats
92 creatures vanquished.

Vanquished Creatures (others)
  2 withered plants (D:5)
2 creatures vanquished.

Grand Total: 94 creatures vanquished

Notes
Turn   | Place    | Note
-------+----------+-------------------------------------------
     0 | D:1      | bande the Gargoyle Fighter began the quest for the Orb.
     0 | D:1      | Reached XP level 1. HP: 14/14 MP: 1/1
    15 | D:1      | Found Kuraill's Antique Armour Boutique.
   120 | D:1      | Found Tudikh's Assorted Antiques.
   195 | D:1      | Reached XP level 2. HP: 19/19 MP: 2/2
   449 | D:1      | Found a faded altar of an unknown god.
   774 | D:2      | Reached skill level 1 in Polearms
   798 | D:2      | Reached XP level 3. HP: 23/23 MP: 3/3
  1321 | D:3      | Found a bloodstained altar of Trog.
  1695 | D:3      | Reached XP level 4. HP: 22/29 MP: 4/4
  1851 | D:3      | Noticed Ijyb
  1860 | D:3      | Killed Ijyb
  2060 | D:3      | Noticed Jessica
  2076 | D:3      | Killed Jessica
  2077 | D:3      | Reached skill level 4 in Armour
  2077 | D:3      | Reached XP level 5. HP: 22/33 MP: 5/5
  2503 | D:4      | Found a staircase to the Ecumenical Temple.
  2514 | Temple   | Entered the Ecumenical Temple
  2585 | Temple   | Became a worshipper of Warmaster Okawaru
  2830 | D:4      | Reached XP level 6. HP: 30/38 MP: 6/6
  3033 | D:4      | Noticed a necrophage
  3046 | D:4      | Killed a necrophage
  3047 | D:4      | Reached skill level 1 in Invocations
  3047 | D:4      | Reached skill level 1 in Evocations
  3083 | D:4      | Noticed Eustachio
  3110 | D:4      | Killed Eustachio
  3111 | D:4      | Reached XP level 7. HP: 22/44 MP: 6/8
  4265 | D:5      | Entered Level 5 of the Dungeon
  4331 | D:5      | Found a runed translucent door.
  4331 | D:5      | Noticed Dvallin's ghost (weakling NaDe)
  5128 | D:5      | Reached skill level 5 in Armour
  5457 | D:5      | Reached * piety under Okawaru
  5730 | D:5      | Noticed a wyvern
  5741 | D:5      | HP: 1/44 [gnoll (6)]
  5743 | D:5      | Slain by a wyvern

Illustrated notes

Levels and vault maps discovered:
D:1:      saegor_arrival_simple_e, layout_rooms, nicolae_ecumenical_lake_church,
          serial_shops, nicolae_shop_statue_plus, shop, minivault_26,
          hangedman_decor_clover_reticule, minmay_misc_feat_alley,
          minmay_unequal
D:2:      layout_rooms
D:3:      layout_loops_ring, mainiacjoe_overflow_24_doors,
          kennysheep_generic_room_10, uniq_ijyb, uniq_jessica
D:4:      layout_basic, minmay_temple_entry_statues_pillars, uniq_eustachio
D:5:      layout_gridville, gammafunk_ghost_grave
Temple:   mainiacjoe_temple_starburst

Skill      XL: |  1  2  3  4  5  6  7 |
---------------+----------------------+-----
Polearms       | 1 |  1.0
Axes           | 2 3 4 |  4.9
Armour         | 4 5 |  5.1
Fighting       | 4 |  4.6
Invocations    | 1 2 |  2.6
Evocations     | 1 2 |  2.2
Shields        | 4 |  4.1
Maces & Flails | |  0.6
Dodging        | |  0.5

Action                   |  1- 3 |  4- 6 |  7- 9 || total
-------------------------+-------+-------+-------++-------
Melee: War axe           |   100 |   109 |   108 ||   317
  Use: Scroll            |       |     9 |     1 ||    10
       Potion            |       |       |     1 ||     1
Armor: Scale mail        |    60 |    53 |    71 ||   184
Dodge: Dodged            |    54 |    50 |    54 ||   158
Block: Buckler           |    27 |    22 |    33 ||    82

Table legend: (Time is in decaauts)
 A = Elapsed time spent in this place.
 B = Non-inter-level travel time spent in this place.
 C = Inter-level travel time spent in this place.
 D = Time resting spent in this place.
 E = Time spent auto-exploring this place.
 F = Levels seen in this place.
 G = Mean time per level.
                   A        B        C        D        E       F      G
               +--------+--------+--------+--------+--------+-----+--------+
         Total |   5865 |   5769 |     96 |   1001 |   3771 |   6 |  977.5 |
       Dungeon |   5708 |   5655 |     53 |   1001 |   3698 |   5 | 1141.6 |
        Temple |    157 |    114 |     43 |      0 |     73 |   1 |  157.0 |
               +--------+--------+--------+--------+--------+-----+--------+

Top non-repeatable levels by time:
     D:4: 1742 daAuts
     D:5: 1494 daAuts
     D:3: 1189 daAuts
     D:1: 745 daAuts
     D:2: 536 daAuts
  Temple: 157 daAuts
